 Dungeon Sprint DCSS version 0.31.0-12-g77e489cdc1 (webtiles) character file.

Game seed: 10962722913942094209

47 Groucho the Digger (level 3, -2/19 HPs)
             Began as a Gargoyle Earth Elementalist on Mar 4, 2024.
             Slain by an iguana (10 damage)
             ... in the Dungeon (Sprint IX: "|||||||||||||||||||||||||||||").
             The game lasted 00:00:38 (350 turns).

Groucho the Digger (Gargoyle Earth Elementalist)     Turns: 350, Time: 00:00:39

Health: -2/19      AC:  5    Str: 11    XL:     3   Next: 70%
Magic:  4/8        EV: 11    Int: 17    God:
Gold:   0          SH:  0    Dex: 10    Spells: 8/9 levels left

rFire   . . .        (no weapon)
rCold   . . .        (no shield)
rNeg    + . .        a - +0 robe
rPois   ∞            (no helmet)
rElec   +            (no cloak)
rCorr   .            (no gloves)
SInv    .            (no boots)
Will    .....        (no amulet)
Stlth   ++           (no ring)
HPRegen 0.23/turn    (no ring)
MPRegen 0.11/turn

%: no teleportation
@: on berserk cooldown, slowed, very slow
A: sickness immunity, AC +3, negative energy resistance 1, electricity
resistance, torment resistance 1, petrification resistance
a: no special abilities


You were in the Dungeon.
You visited 1 branch

Inventory:

Armour
 a - a +0 robe (worn)
Scrolls
 g - a scroll of blinking
Potions
 b - 3 potions of magic
 e - a potion of haste


   Skills:
 - Level 1.5 Dodging
 - Level 2.1 Stealth
 + Level 3.6 Spellcasting
 + Level 3.8 Conjurations
 * Level 6.9 Earth Magic


You had 8 spell levels left.
You knew the following spells:

 Your Spells              Type           Power      Damage    Failure   Level
a - Sandblast             Erth           52%        2d12      1%          1

Your spell library contained the following spells:

 Spells                   Type           Power      Damage    Failure   Level
 Passwall                 Erth           26%        N/A       2%          3
 Stone Arrow              Conj/Erth      42%        3d9       5%          3
 Brom's Barrelling Bould  Conj/Erth      21%        2d4       19%         4
 Petrify                  Alch/Erth      14%        N/A       36%         4


Dungeon Overview and Level Annotations

Branches:
Dungeon (1/1)

Altars:


Innate Abilities, Weirdness & Mutations

You are immune to sickness and miasma.
Your stone body is resilient. (AC +3)
You are immune to poison.
You resist negative energy. (rN+)
You are resistant to electric shocks. (rElec)
You are resistant to unholy torment.
You are immune to petrification.


Message History

Unknown command.
You hit the bombardier beetle but do no damage.
You hit the bombardier beetle.
The bombardier beetle is lightly wounded.
The bombardier beetle closely misses you.
You hit the bombardier beetle.
The bombardier beetle is lightly wounded.
You closely miss the bombardier beetle.
The bombardier beetle is lightly wounded.
You barely miss the bombardier beetle.
The bombardier beetle is lightly wounded.
The bombardier beetle closely misses you.
You hit the bombardier beetle but do no damage.
The bombardier beetle is lightly wounded.
You punch the bombardier beetle!
The bombardier beetle is severely wounded.
The bombardier beetle bites you.
You hit the bombardier beetle.
The bombardier beetle is almost dead.
You punch the bombardier beetle!
You kill the bombardier beetle!
Your Spellcasting skill increases to level 3!
Your Conjurations skill increases to level 3!
Your Earth Magic skill increases to level 6!
You have reached level 3!
Your experience leads to an increase in your attributes!
Increase (S)trength, (I)ntelligence, or (D)exterity?
You feel clever. x2
Unknown command.
Unknown command.
You barely miss the iguana. You closely miss the iguana.
The iguana bites you but does no damage.
You barely miss the iguana.
You are no longer berserk.
You are exhausted.
You feel yourself slow down. The iguana bites you!
You hit the iguana but do no damage. The iguana bites you!
Ouch! That really hurt!
You die...

▓+▓
▓.▓
▓.▓
▓B▓
▓S▓
▓l▓
▓@▓
▓.▓
▓.▓
▓.▓
▓÷▓
▓÷▓
▓÷▓
▓.▓
▓.▓


You could see a bombardier beetle, an iguana and an adder.

Vanquished Creatures
  A bombardier beetle (D)
  An adder (D)
  A jackal (D)
  A ball python (D)
  A bat (D)
  A frilled lizard (D)
  A rat (D)
7 creatures vanquished.

Notes
Turn   | Place    | Note
-------+----------+-------------------------------------------
     0 | D        | Groucho the Gargoyle Earth Elementalist began the quest for
                  | the Orb.
     0 | D        | Reached XP level 1. HP: 10/10 MP: 3/3
     8 | D        | Reached skill level 4 in Earth Magic
   314 | D        | Noticed a bombardier beetle
   314 | D        | Noticed an iguana
   314 | D        | Noticed a bombardier beetle
   338 | D        | Reached skill level 5 in Earth Magic
   338 | D        | Reached XP level 2. HP: 15/15 MP: 3/5
   346 | D        | Killed a bombardier beetle
   347 | D        | Reached skill level 6 in Earth Magic
   347 | D        | Reached XP level 3. HP: 19/19 MP: 4/8
   350 | D        | Slain by an iguana

Illustrated notes

Levels and vault maps discovered:
D:        linesprint [early_d, line_temple, items_1, d_10, items_2, lair_1,
          lair_end, items_3, orc_1, orc_end, items_4, d_15, swamp_1, shoals_1,
          snake_1, spider_1, d_20, vaults_1, items_5, swamp_end, shoals_end,
          snake_end, spider_end, vaults_end, d_27, items_6, zot_1, zot_end,
          crypt_end, forest_end, elf_end, slime_end, tomb_end, abyss_end,
          pan_hell_end]

Skill      XL: |  1  2 |
---------------+-------+-----
Earth Magic    | 5 6 |  6.9
Conjurations   | 2 3 |  3.8
Spellcasting   | 3 |  3.6
Dodging        | |  1.5
Stealth        | |  2.1

Action                     || total
---------------------------++-------
  Melee: Unarmed           ||    43
         Punch             ||     1
   Cast: Sandblast         ||     2
    Use: Potion            ||     3
 Armour: Robe              ||    29
  Dodge: Dodged            ||    15
